 Dungeon Crawl Stone Soup version 0.29-a0-284-gf9362112df (webtiles) character file.

Game seed: 7044962403193002596

424 spaghetti the Sneak (level 6, -4/49 HPs)
             Began as a Demonspawn Berserker on Mar 22, 2022.
             Was a Believer of Trog.
             Slain by a gnoll sergeant
             ... wielding a +0 spear
              (11 damage)
             ... on level 4 of the Dungeon.
             The game lasted 00:05:17 (3358 turns).

spaghetti the Sneak (Demonspawn Berserker)          Turns: 3358, Time: 00:05:18

Health: -4/49      AC:  6    Str: 18    XL:     6   Next: 64%
Magic:  6/6        EV: 12    Int:  8    God:    Trog [**....]
Gold:   122        SH:  0    Dex: 14    Spells: 5/5 levels left

rFire   + . .      SeeInvis .   o - +1 short sword (venom) {short}
rCold   x . .      Faith    .   (no shield)
rNeg    . . .      Spirit   .   b - +1 animal skin
rPois   .          Reflect  .   (no helmet)
rElec   .          Harm     .   (no cloak)
rCorr   .          Rampage  .   (no gloves)
Will    .....                   (no boots)
Stlth   +++.......              (no amulet)
HPRegen 0.16/turn               l - ring of fire
MPRegen 0.10/turn               (no ring)

@: mighty, on berserk cooldown
A: yellow scales 2, ignite blood 1
a: Renounce Religion, Berserk, Trog's Hand


You were on level 4 of the Dungeon.
You worshipped Trog.
Trog was pleased with you.
You visited 1 branch of the dungeon, and saw 4 of its levels.

You collected 122 gold pieces.


Innate Abilities, Weirdness & Mutations

You are mostly covered in yellow scales. (AC +3)
Your demonic aura sometimes causes spilled blood to erupt in flames.


   Skills:
 + Level 4.6 Fighting
 - Level 2.6 Long Blades
 - Level 1.7 Armour
 - Level 1.7 Dodging
 * Level 5.8 Stealth


You had 5 spell levels left.
You didn't know any spells.
Your spell library contained the following spells:

 Spells                   Type           Power      Damage    Failure   Level
 Foxfire                  Conj/Fire      0%         2x1d4     41%         1
 Conjure Flame            Conj/Fire      0%         6-21      78%         3
 Inner Flame              Hex/Fire       0%         N/A       78%         3
 Cause Fear               Hex            0%         N/A       99%         4
 Flame Wave               Conj/Fire      0%         2d4       99%         4
 Discord                  Hex            0%         N/A       100%        8

Inventory:

Hand Weapons
 a - a +0 falchion {long}
 c - a +2 short sword of draining {short}
   (You took it off a kobold on level 1 of the Dungeon)
 h - a +2 short sword of speed {short}
   (You found it on level 1 of the Dungeon)
 o - a +1 short sword of venom (weapon) {short}
   (You took it off an orc on level 4 of the Dungeon)
Missiles
 d - 61 stones (quivered) {throwing}
 n - a throwing net {=f!fthrowing}
Armour
 b - a +1 animal skin (worn)
Jewellery
 l - a ring of fire (left hand)
   (You found it on level 2 of the Dungeon)
Wands
 p - a wand of polymorph (3)
   (You found it on level 4 of the Dungeon)
Scrolls
 e - 2 scrolls of enchant armour
 f - 4 scrolls of teleportation {@r4}
 g - 2 scrolls of immolation {unknown}
 i - 4 scrolls of identify {unknown}
 k - a scroll of summoning {unknown}
 m - a scroll of enchant weapon
Potions
 j - a potion of might

Dungeon Overview and Level Annotations

Branches:
Dungeon (4/15)             Temple (0/1) D:4

Altars:
Makhleb

.###.# ##.#P#...#P## *,* .#
#.# #.####.##*****,***
.###.# #.# #P.P#*,,,,,,,*
.....# ##+#*##.##*,***,*,*
###### ##...###.# *,***,*,*
## ##........# *,*#,,*,*
.## *#.......### *,.#.#*>*
..####.........####g...##,*
.....+.........'@.ggg....,*
..####.........####gg..##**
.## *#.......## **.#.# .#
##.....## **#,* .# ##...#*
*,* .# ##+#* *,* .# *,* *,*
,*********,* *,*
,,,,,,,,,,,** *,*


You could see a gnoll sergeant (very poisoned) and 5 gnolls.


Message History

You see here a +0 club {mace}.
Things that are here:
a +1 short sword of venom {short}; a +0 leather armour Your +1 short sword of venom {short} begins to drip with poison!
o - a +1 short sword of venom (weapon)
{short} Unknown command.
Okay, then.
You see here a +0 club {mace}.
Things that are here:
a +0 club {mace}; an orc corpse Key pressed, stopping explore.
Found a stone staircase leading down.
p - a wand of polymorph (3)
You feel yourself speed up.
You recover from your berserk rage.
Key pressed, stopping explore.
A dart slug comes into view.
A dart slug is nearby!
A dart slug is nearby!
A dart slug is nearby!
The helpless dart slug fails to defend itself.
You puncture the dart slug!
You kill the dart slug!
Trog accepts your kill.
You see here a dart slug corpse.
You now have 122 gold pieces (gained 12).
A howler monkey comes into view.
A howler monkey is nearby!
The howler monkey hoots and howls with incredible vigour!
You hear a shout! x5
Found a staircase to the Ecumenical Temple.
A red film seems to cover your vision as you go berserk!
You feel yourself moving faster!
You feel mighty!
The howler monkey hoots and howls with incredible vigour!
You hear a shout! 😎 HP[+24]
You now have 73 max hp (+24).
Your hp is fully restored (73).
You closely miss the howler monkey. The howler monkey barely misses you.
You hit the howler monkey. The howler monkey barely misses you.
You puncture the howler monkey!
The howler monkey is poisoned.
The plant is engulfed in blazing flames.
The plant begins to die.
You kill the howler monkey!
Trog accepts your kill.
The plant is engulfed in blazing flames.
You see here a howler monkey corpse.
Unknown command.
You start waiting.
You feel a strong urge to attack something.
The plant is engulfed in blazing flames.
You are no longer berserk.
You are exhausted.
You feel yourself slow down.
The plant is engulfed in blazing flames. 😎 HP[-24]
You now have 49 max hp (-24).
Unknown command.
The plant is engulfed in blazing flames.
A nearby plant withers and dies.
d - 61 stones {throwing} (gained 22)
You open the door.
A gnoll sergeant and 3 gnolls come into view.
The gnoll sergeant shouts!
The gnoll shouts!
There are monsters nearby!
A gnoll comes into view. It is wielding a +0 flail. x2
There is an open door here.
You're still recovering from your berserk rage.
The gnoll sergeant barely misses you. The gnoll sergeant barely misses you.
The gnoll closely misses you.
The gnoll sergeant hits you with a +0 spear!
The gnoll hits you from afar with a +0 halberd! 😮 HP[-16]
You take 16 damage, and now have 33/49 hp.
MASSIVE DAMAGE!! (PAUSE) You're still recovering from your berserk rage.
You barely miss the gnoll sergeant.
The gnoll sergeant hits you with a +0 spear!
The gnoll closely misses you. 😮 HP[-8]
You take 8 damage, and now have 25/49 hp.
The gnoll shouts!
You hit the gnoll sergeant but do no damage.
The gnoll sergeant is poisoned.
The gnoll barely misses you.
The gnoll sergeant hits you with a +0 spear.
* * * LOW HITPOINT WARNING * * *
The gnoll barely misses you.
The gnoll sergeant hits you with a +0 spear!
* * * LOW HITPOINT WARNING * * *
😱 HP[-13]
You take 13 damage, and now have 12/49 hp.
MASSIVE DAMAGE!! (PAUSE)
The gnoll sergeant hits you from afar with a +0 spear.
* * * LOW HITPOINT WARNING * * *
😱 HP[-5]
You take 5 damage, and now have 7/49 hp.
It was a potion of might.
You feel very mighty all of a sudden.
You feel yourself speed up.
The gnoll sergeant completely misses you.
The gnoll sergeant hits you from afar with a +0 spear!
You die...

Skill      XL: |  1  2  3  4  5 |
---------------+----------------+-----
Stealth        | 1 2 4 5 |  5.8
Fighting       | 4 |  4.6
Long Blades    | |  2.6
Armour         | |  1.7
Dodging        | |  1.7

Action                   |  1- 3 |  4- 6 || total
-------------------------+-------+-------++-------
Melee: Short sword       |   104 |    92 ||   196
       Falchion          |     2 |       ||     2
       Punch             |     1 |       ||     1
Throw: Stone             |    22 |     1 ||    23
Invok: Berserk           |     6 |     5 ||    11
  Use: Potion            |       |     2 ||     2
       Scroll            |       |     4 ||     4
 Stab: Sleeping          |     3 |     6 ||     9
Armor: Animal skin       |    15 |    15 ||    30
Dodge: Dodged            |    60 |    33 ||    93

Levels and vault maps discovered:
D:1:      amcnicky_arrival_single_pillar, layout_basic, basic_ecumenical_altar
D:2:      layout_rooms
D:3:      layout_loops_corners, cheibrodos_sewer_entry_bend
D:4:      layout_loops_corners, makhleb_altar_promises_db,
          minmay_temple_entry_gardened_gates, minmay_bisected

Notes
Turn   | Place    | Note
-------+----------+-------------------------------------------
     0 | D:1      | spaghetti the Demonspawn Berserker began the quest for the
                  | Orb.
     0 | D:1      | Reached XP level 1. HP: 18/18 MP: 1/1
     0 | D:1      | magus.rc [v1.9.6]
   137 | D:1      | Found a faded altar of an unknown god.
   151 | D:1      | Reached skill level 1 in Stealth
   204 | D:1      | Gained mutation: Your demonic aura sometimes causes spilled
                  | blood to erupt in flames. [demonic ancestry]
   204 | D:1      | Reached XP level 2. HP: 23/24 MP: 2/2
   290 | D:1      | You pick up a book of Flames {forbidden} and begin
                  | reading...
   290 | D:1      | You add the spells Foxfire, Conjure Flame, Inner Flame and
                  | Flame Wave to your library.
   328 | D:1      | Reached skill level 2 in Stealth
   948 | D:2      | Reached XP level 3. HP: 29/29 MP: 3/3
   952 | D:2      | You pick up a book of Hexes {forbidden} and begin
                  | reading...
   952 | D:2      | You add the spells Cause Fear and Discord to your library.
   993 | D:2      | Reached skill level 3 in Stealth
  1320 | D:2      | Reached ** piety under Trog
  1369 | D:2      | Reached skill level 4 in Stealth
  1369 | D:2      | Gained mutation: You are partially covered in yellow
                  | scales. (AC +2) [demonic ancestry]
  1369 | D:2      | Reached XP level 4. HP: 19/35 MP: 4/4
  1374 | D:2      | HP: 9/52 [gnoll/+0 flail (6)]
  1375 | D:2      | HP: 4/35 [ball python (2)]
  2060 | D:3      | Identified the +5 whip "Boryrob" {holy, rF+ rC+ MP+9
                  | Stlth+}
  2138 | D:3      | Noticed an ogre
  2145 | D:3      | Killed an ogre
  2146 | D:3      | Reached skill level 4 in Fighting
  2146 | D:3      | Reached XP level 5. HP: 42/42 MP: 5/5
  2472 | D:3      | Noticed an ice beast
  2489 | D:3      | Killed an ice beast
  2490 | D:3      | Reached skill level 5 in Stealth
  2490 | D:3      | Gained mutation: You are mostly covered in yellow scales.
                  | (AC +3) [demonic ancestry]
  2490 | D:3      | Reached XP level 6. HP: 24/49 MP: 6/6
  3195 | D:4      | Found a burning altar of Makhleb.
  3197 | D:4      | Noticed an Executioner
  3324 | D:4      | Found a staircase to the Ecumenical Temple.
  3356 | D:4      | HP: 12/49 [gnoll sergeant/+0 spear (10)]
  3358 | D:4      | Slain by a gnoll sergeant

Vanquished Creatures
  An ice beast (D:3)
  An ogre (D:3)
  A howler monkey (D:4)
  An iguana (D:4)
  An orc wizard (D:4)
  4 gnolls (D:2)
  2 adders (D:2)
  5 worms
  A dart slug (D:4)
  8 orcs
  9 ball pythons
  7 endoplasms
  3 giant cockroaches
  4 goblins
  5 hobgoblins
  5 jackals
  3 quokkas (D:2)
  4 bats
  4 frilled lizards
  7 kobolds
  5 rats
81 creatures vanquished.

Vanquished Creatures (others)
  A plant (D:4)
1 creature vanquished.

Grand Total: 82 creatures vanquished

Table legend:
 A = Non-vault XP
 B = Vault XP
 C = Vault XP percentage of total XP
 D = Non-vault monster count
 E = Vault monster count
 F = Vault count percentage of total count
                 A         B        C        D         E       F
            +---------+---------+-------+---------+---------+-------
      Total |     601 |       5 |   0.8 |      80 |       1 |   1.2
            +---------+---------+-------+---------+---------+-------
        D:1 |      39 |       0 |   0.0 |      25 |       0 |   0.0
        D:2 |     136 |       0 |   0.0 |      29 |       0 |   0.0
        D:3 |     288 |       5 |   1.7 |      19 |       1 |   5.0
        D:4 |     138 |       0 |   0.0 |       7 |       0 |   0.0
            +---------+---------+-------+---------+---------+-------

Illustrated notes

Table legend:
 A = Kills in this place as a percentage of kills in entire the game.
 B = Kills by you in this place as a percentage of kills by you in the entire game.
 C = Kills by friends in this place as a percentage of kills by friends in the entire game.
 D = Other kills in this place as a percentage of other kills in the entire game.
 E = Experience gained in this place as a percentage of experience gained in the entire game.
 F = Experience gained in this place divided by the number of levels of this place that you have seen.
                   A       B       C       D       E      F
               +-------+-------+-------+-------+-------+----------------------
         Total | 100.0 | 100.0 |   N/A |   N/A | 100.0 | 151.5
       Dungeon | 100.0 | 100.0 |   N/A |   N/A | 100.0 | 151.5
               +-------+-------+-------+-------+-------+----------------------

Table legend: (Time is in decaauts)
 A = Elapsed time spent in this place.
 B = Non-inter-level travel time spent in this place.
 C = Inter-level travel time spent in this place.
 D = Time resting spent in this place.
 E = Time spent auto-exploring this place.
 F = Levels seen in this place.
 G = Mean time per level.
                   A        B        C        D        E       F      G
               +--------+--------+--------+--------+--------+-----+--------+
         Total |   3425 |   3343 |     82 |    977 |   1852 |   4 |  856.2 |
       Dungeon |   3425 |   3343 |     82 |    977 |   1852 |   4 |  856.2 |
               +--------+--------+--------+--------+--------+-----+--------+

Top non-repeatable levels by time:
     D:3: 1164 daAuts
     D:1: 1134 daAuts
     D:2: 862 daAuts
     D:4: 263 daAuts
